Yev-Ruu, chaotic female vampiric Convict ----+-- ...A. A @ @.D a@ ----D---- ......@-- ..aaa...------ a..a.A&a.|..... .aa@..a@--...- @%.@.A--....| -|----@..--- ..... ..| --- Yev-Ruu the Fugitive Experience level: 30 Strength: 25 Dexterity: 16 Constitution: 18 Intelligence: 5 Wisdom: 15 Charisma: 11 Health: 423(520) Energy: 0(0) AC: -11 Gold: 0 Moves: 65452 Your Inventory: Amulets A - an uncursed amulet of reflection (being worn) U - the [blessed] Amulet of Yendor named There you are you sneaky bugger Armor b - an uncursed fireproof +2 striped shirt (being worn) p - an uncursed thoroughly corroded +2 pair of gauntlets of power (being worn) q - an uncursed fireproof +4 small shield of speed (being worn) r - a blessed fireproof +0 pair of high boots of fire resistance and telepathy (being worn) u - an uncursed +2 chromatic dragon scale mail (being worn) v - an uncursed thoroughly burnt +0 elven cloak (being worn) R - a blessed +0 helmet of ESP & stlth & clrv (being worn) Comestibles K - an uncursed Hyper Futa Mare Dick named Sun's Spear V - an uncursed clove of garlic Scrolls k - an [uncursed] scroll of identify W - an [uncursed] scroll called uh [of taming] Spellbooks C - the [blessed] Book of the Dead Potions h - a cursed potion of full healing l - a blessed ruby potion [of acid] s - 3 blessed potions called shit [of holy water] t - a [cursed] sparkling potion [of restore ability] Rings j - an uncursed ring called sustab [of sustain ability] (on left hand) n - an [uncursed] steel ring [of invisibility] y - an uncursed ring of free action Z - a blessed moonstone ring [of slow digestion] (on right hand) Wands d - an uncursed zinc wand [of make invisible] (0:6) e - an [uncursed] wand of digging [0:1] m - an uncursed wand of striking [0:6] x - an uncursed wand of secret door detection [0:8] z - an uncursed wand of teleportation (0:0) E - an uncursed wand of teleportation (0:1) F - an uncursed wand of teleportation (0:3) G - an uncursed wand of teleportation [0:2] J - an [uncursed] wand of digging [0:4] Q - a cursed wand of death (0:0) T - an [uncursed] wand of digging [0:3] X - an [uncursed] wand of digging [0:5] Y - an uncursed wand of teleportation (0:1) Tools f - a blessed bag [of holding] g - an uncursed [magic] lamp (lit) o - an uncursed bag named Curse bearer [sack] w - a blessed candelabrum [Candelabrum of Invocation] (7 candles attached) H - an uncursed skeleton key L - an uncursed silver bell [(Bell of Opening) (0:0)] Iron balls c - the blessed rustproof Iron Ball of Liberation (chained to you) (weapon in hand) Contents of the bag of holding: an uncursed rustproof [+0] broadsword named Luck Blade [Luck Blade] an [uncursed] scroll called scare mons [of scare monster] an [uncursed] scroll of earth an uncursed scroll of identify 4 uncursed scrolls of teleportation 2 cursed scrolls of teleportation 2 [blessed] scrolls of teleportation an uncursed balsa wand [of slow monster (0:5)] an uncursed brass wand [of probing (0:5)] an [uncursed] brass wand [of probing (0:7)] a cursed curved wand [of magic missile (0:5)] an [uncursed] curved wand [of magic missile (0:5)] an [uncursed] curved wand [of magic missile (0:0)] an [uncursed] curved wand [of magic missile (0:2)] an uncursed forked wand [of polymorph (0:5)] an [uncursed] long wand [of speed monster (0:7)] an uncursed pine wand [of cold (0:5)] an [uncursed] fireproof pine wand [of cold (0:6)] an [uncursed] pine wand [of cold (0:1)] an uncursed runed wand [of create monster (0:11)] an uncursed runed wand [of create monster (0:13)] an uncursed wand of digging [0:7] an uncursed wand of digging [0:5] an uncursed wand of digging [0:2] an uncursed wand of digging [0:4] an uncursed wand of digging [0:8] an uncursed wand of digging [0:4] an uncursed wand of digging [0:2] an uncursed wand of digging [0:6] a cursed wand of digging [0:8] a cursed wand of digging [0:4] an [uncursed] wand of digging [0:7] an [uncursed] wand of digging [0:3] an [uncursed] wand of digging [0:6] an [uncursed] wand of digging [0:5] a blessed wand of fire [0:8] an uncursed wand of fire [0:7] an uncursed wand of fire [0:5] an uncursed wand of fire [0:7] a cursed wand of fire [0:4] an [uncursed] wand of fire [0:4] a blessed wand of lightning [0:6] an uncursed wand of lightning [0:5] an uncursed wand of lightning [0:6] an uncursed wand of lightning [0:4] an uncursed wand of lightning [0:3] an uncursed wand of lightning [0:4] an uncursed wand of lightning [0:2] an uncursed wand of lightning [0:7] an uncursed wand of sleep [0:5] an uncursed wand of sleep [0:6] an [uncursed] wand of sleep [0:7] an uncursed wand of striking [0:1] an [uncursed] wand of striking [0:4] an [uncursed] wand of striking [0:1] an uncursed wand of teleportation [0:8] an uncursed wand of teleportation [0:5] an uncursed wand of teleportation [0:6] an [uncursed] wand of teleportation [0:6] an uncursed zinc wand [of make invisible (0:3)] an [uncursed] zinc wand [of make invisible (0:2)] 5 [uncursed wax] candles 2 [uncursed tallow] candles Contents of the sack named Curse bearer: an uncursed scroll of identify 2 uncursed scrolls of remove curse Spells known in the end: Name Level Category Fail Memory a - force bolt 1* attack 100% [........] Your skills at the end: Fighting Skills body armor [Skilled / Skilled] shield [Basic / Basic] Weapon Skills flail [Expert / Expert] sling [Basic / Skilled] Spellcasting Skills Final Attributes: You had transgressed. Hunger level was 956. Your alignment was -21156 / 337. Monster difficulty range was 16 - 57. Level difficulty was 67. You were immune to fire. You were immune to cold. You were immune to sleep. You were immune to disintegration. You were immune to electricity. You were immune to poison. You were immune to level-drain. You were immune to sickness. You were magic-protected. You were immune to acid. You were immune to petrification. You were stunned. You were punished. You saw invisible. You were telepathic. You were warned. You had automatic searching. You were clairvoyant. You were invisible to others. You were displaced. You were stealthy. You could fly. You could survive without air. You had slower digestion. You regenerated. You were very fast. You had reflection. You had fixed abilities. Your luck was zero. Tymora was angry with you (1). You are dead. Vanquished creatures: Cthulhu (twice) Asmodeus Baalzebub Dispater Geryon Orcus Yeenoghu Juiblex The Wizard of Yendor (5 times) Vlad the Impaler 6 arch-liches 5 mastodons a vorpal jabberwock Medusa 8 krakens Robert the Lifer Warden Arianna 12 iron golems 5 master liches 3 chromatic dragons 2 storm giants 4 titans 3 balrogs 11 purple worms 5 gold dragons 7 drakens 8 tatzelworms 8 lindworms 7 leviathans 12 amphiteres 6 sirrushes 6 sarkanies 12 wyverns 13 guivres 4 minotaurs 16 jabberwocks 18 baluchitheria 2 demiliches a stone golem 6 master mind flayers 13 Olog-hai 4 Nazgul 14 pit fiends a sandestin 12 hell hounds 3 titanotheres 5 trappers a baby tatzelworm a baby sirrush 4 baby guivres 3 guardian nagas 7 disenchanters 48 vampire lords 5 skeletons 4 prison guards 2 shopkeepers 255 guards 9 aligned priests 9 captains 7 shades 5 lava demons 2 inmates 9 liches 3 clay golems 13 nurses 12 ice devils 11 nalfeshnees 8 lurkers above an Aleax 4 frost giants 9 ettins a golden naga 19 black puddings 42 vampires 6 lieutenants 39 ghosts 2 queen bees 7 locusts 7 winged gargoyles 3 mind flayers 7 giant mimics 9 zruties 16 fire giants 6 ogre kings 19 ice trolls 16 rock trolls 8 umber hulks 4 flesh golems 17 Elvenkings 4 doppelgangers 12 hezrous 12 bone devils 8 large mimics 2 wumpuses 4 fire vortices 5 long worms 13 couatls 11 stalkers 4 air elementals 11 fire elementals 7 earth elementals 4 water elementals 4 hill giants 3 giant mummies 6 black nagas 19 xorns 38 giant zombies 37 elf-lords 23 sergeants 11 barbed devils 19 vrocks 3 salamanders 19 wargs 4 winter wolves 6 hell hound pups 10 small mimics 5 glass piercers a rodent of unusual size 5 warhorses 4 steam vortices 20 xans 6 ettin mummies 8 ogre lords 14 quantum mechanics 29 trolls a sasquatch 6 wood golems 3 erinyes 9 mariliths 4 sharks 4 electric eels 3 giant turtles 4 gelatinous cubes 2 pyrolisks 4 large dogs 2 freezing spheres 16 flaming spheres 6 shocking spheres 6 large cats 8 tigers 6 gargoyles 2 dwarf kings 18 tengu 14 ochre jellies 9 leocrottas an energy vortex 5 mountain centaurs 6 stone giants 7 elf mummies 6 human mummies 2 red nagas 13 green slimes 3 pit vipers 7 pythons 9 cobras 51 wraiths 11 carnivorous apes 46 ettin zombies a leather golem 14 Grey-elves 56 soldiers 16 horned devils 9 succubi 9 incubi 4 chameleons 2 crocodiles 50 giant beetles 7 quivering blobs 16 cockatrices 2 wolves 9 winter wolf cubs 3 lynxes 2 panthers 41 gremlins 6 spotted jellies 23 leprechauns 4 orc-captains 4 iron piercers 3 mumakil 25 giant spiders 8 scorpions 5 horses 3 ice vortices 3 black lights 11 vampire bats 7 forest centaurs 7 gnome kings 2 orc mummies 9 dwarf mummies 10 ogres 10 brown puddings 7 rust monsters 17 owlbears 8 yetis 5 werewolves 5 Green-elves 2 piranhas 13 giant eels 22 lizards 8 chickatrices 5 dogs 5 dingos 3 housecats 5 jaguars 3 dwarf lords 5 blue jellies 4 white unicorns 3 gray unicorns a black unicorn 7 dust vortices 16 ravens 6 plains centaurs 2 Kop Kaptains 6 gnome mummies 9 snakes 22 apes 40 human zombies a rope golem 2 Woodland-elves 35 soldier ants 12 fire ants 6 snow ants 13 bugbears 5 imps 12 lemures 8 quasits 5 wood nymphs a water nymph 9 mountain nymphs 22 Mordor orcs 44 Uruk-hai 3 orc shamans 5 rock piercers 8 enormous rats 10 rock moles 2 ponies 2 fog clouds 9 yellow lights a shrieker 6 violet fungi 13 gnome lords 9 gnomish wizards 2 Kop Lieutenants 4 kobold mummies a red naga hatchling 4 black naga hatchlings 6 gray oozes a barrow wight 24 elf zombies 23 ghouls 2 straw golems 4 paper golems 2 wax golems 6 jellyfish 29 giant ants 2 little dogs 13 floating eyes 4 kittens 19 dwarves 16 homunculi a kobold lord 2 kobold shamans 13 hill orcs 24 rothes 2 rabid rats 6 centipedes 4 giant bats 2 Kop Sergeants 3 monkeys 22 orc zombies 15 dwarf zombies 4 wererats 3 werejackals 13 iguanas 74 killer bees 2 acid blobs 5 coyotes 8 hobbits 28 manes 4 large kobolds 19 hobgoblins 2 giant rats 3 cave spiders a brown mold 3 yellow molds 2 green molds 3 red molds 86 gnomes 11 Keystone Kops 5 garter snakes 22 gnome zombies 10 geckos 16 jackals 4 foxes 5 kobolds 7 goblins 2 sewer rats 18 grid bugs 3 bats 10 lichens 22 kobold zombies 10 newts 3120 creatures vanquished. Genocided or extinct species: erinyes (extinct) 1 species extinct. Voluntary challenges: You went without food. You never hit with a wielded weapon. You read items or engraved 84 times. You put on armor 133 times. You never genocided any monsters. You never polymorphed an object. You changed form 1 time. You used no wishes. You abstained from Elbereth's help. You never encountered a bones level. You never used any Sokoban shortcuts. Dungeon overview: The Dungeons of Doom: levels 1 to 27 Level 1 a fountain stairs to The Elemental Planes Level 2 stairs to The Gnomish Mines Level 3 a general store Level 5 (Ninfa) an altar to Tymora Level 6 a fountain Level 7 a fountain Level 8 some fountains, a sink Level 9 many fountains Level 10 (Show's over) stairs to Sokoban Level 14 a throne Level 16 an altar, a fountain portal to The Quest Level 17 a fountain Level 18 a magic portal Level 21 a fountain Level 22 (Black market) a sink portal to One-eyed Sam's Market Level 23 a fountain Level 25 some altars Level 26 some fountains, many trees Level 27 many trees Gehennom: levels 28 to 52 Level 28 a temple, a magic chest stairs to The Dungeons of Doom Level 29 many fountains, a throne Level 32 a fountain Level 33 a throne Level 36 stairs to Vlad's Tower Level 37 stairs to The Dragon Caves Level 39 a throne Level 40 a throne Level 42 many trees Level 46 portal to Gehennom Level 48 portal to Gehennom Level 52 a temple The Gnomish Mines: levels 3 to 9 The Quest: levels 1 to 5 Level 3 a general store, a sink Sokoban: Level 9 a magic chest stairs to The Dungeons of Doom Town: Level 11 stairs to The Dungeons of Doom One-eyed Sam's Market: Vlad's Tower: levels 32 to 35 The Dragon Caves: levels 38 to 41 Level 38 many trees stairs to Gehennom Level 39 a jewelry store, many trees The Elemental Planes: Astral Plane <- You were here Plane of Water portal to The Elemental Planes Plane of Air portal to The Elemental Planes Plane of Fire portal to The Elemental Planes Plane of Earth portal to The Elemental Planes History has recorded: On T:1 you entered the Dungeons of Doom to retrieve the Amulet of Yendor! On T:293 you reached level 2 of The Dungeons of Doom. On T:627 you advanced to experience level 2. On T:701 you reached level 1 of The Gnomish Mines. On T:710 you advanced to experience level 3. On T:720 you advanced to experience level 4. On T:739 you advanced to experience level 5. On T:938 you reached level 2 of The Gnomish Mines. On T:978 you advanced to experience level 6. On T:1202 you reached level 3 of The Gnomish Mines. On T:1275 you reached level 4 of The Gnomish Mines. On T:1360 you advanced to experience level 7. On T:1525 you reached level 5 of The Gnomish Mines. On T:1783 you reached level 6 of The Gnomish Mines. On T:1820 you advanced to experience level 8. On T:1944 you reached level 7 of The Gnomish Mines. On T:2888 you reached level 3 of The Dungeons of Doom. On T:3206 you reached level 4 of The Dungeons of Doom. On T:3467 you reached level 5 of The Dungeons of Doom. On T:3736 you advanced to experience level 9. On T:3790 you received a fireproof sling of fire from Tymora. On T:4474 you reached level 6 of The Dungeons of Doom. On T:4771 you reached level 7 of The Dungeons of Doom. On T:5032 you reached level 8 of The Dungeons of Doom. On T:5438 you reached level 9 of The Dungeons of Doom. On T:5646 you reached level 10 of The Dungeons of Doom. On T:5854 you reached level 3 of Sokoban. On T:6015 you advanced to experience level 10. On T:7165 you reached level 11 of The Dungeons of Doom. On T:7197 you reached level 12 of The Dungeons of Doom. On T:7307 you reached level 3 of Town. On T:7571 you reached level 13 of The Dungeons of Doom. On T:7992 you reached level 14 of The Dungeons of Doom. On T:8257 you reached level 15 of The Dungeons of Doom. On T:8660 you reached level 16 of The Dungeons of Doom. On T:9158 you advanced to experience level 11. On T:9811 you reached level 1 of The Quest. On T:10068 you embarked upon an epic quest. On T:10298 you reached level 2 of The Quest. On T:10646 you reached level 3 of The Quest. On T:10869 you advanced to experience level 12. On T:11267 you reached level 4 of The Quest. On T:11642 you reached level 5 of The Quest. On T:11850 you killed Warden Arianna on level 5 of The Quest. On T:12029 you completed the quest! On T:12506 you received a fireproof sling of searching from Tymora. On T:12569 you killed Robert the Lifer on level 1 of The Quest. On T:12642 you received Luck Blade from Tymora. On T:12870 you advanced to experience level 13. On T:19583 you advanced to experience level 14. On T:29344 you advanced to experience level 15. On T:30282 you reached level 17 of The Dungeons of Doom. On T:30429 you reached level 18 of The Dungeons of Doom. On T:30714 you reached level 19 of The Dungeons of Doom. On T:31013 you reached level 20 of The Dungeons of Doom. On T:31264 you reached level 21 of The Dungeons of Doom. On T:31538 you reached level 22 of The Dungeons of Doom. On T:32034 you reached level 1 of One-eyed Sam's Market. On T:32875 you reached level 23 of The Dungeons of Doom. On T:48945 you advanced to experience level 16. On T:48946 you advanced to experience level 17. On T:48946 you advanced to experience level 18. On T:48947 you advanced to experience level 19. On T:48947 you advanced to experience level 20. On T:48948 you advanced to experience level 21. On T:48949 you advanced to experience level 22. On T:48949 you advanced to experience level 23. On T:48950 you advanced to experience level 24. On T:48950 you advanced to experience level 25. On T:48951 you advanced to experience level 26. On T:48951 you advanced to experience level 27. On T:48952 you advanced to experience level 28. On T:48953 you advanced to experience level 29. On T:48953 you advanced to experience level 30. On T:49304 you reached level 24 of The Dungeons of Doom. On T:49534 you reached level 25 of The Dungeons of Doom. On T:49680 you reached level 26 of The Dungeons of Doom. On T:49824 you reached The Castle. On T:49824 you killed Medusa in The Castle. On T:51640 you reached level 2 of Gehennom. On T:52004 you killed Asmodeus in The Valley of the Dead. On T:52170 you reached level 3 of Gehennom. On T:52307 you reached level 4 of Gehennom. On T:52344 you reached level 5 of Gehennom. On T:52356 you killed Juiblex on level 5 of Gehennom. On T:52473 you reached level 6 of Gehennom. On T:52675 you reached level 7 of Gehennom. On T:52743 you reached level 8 of Gehennom. On T:52802 you reached level 9 of Gehennom. On T:52825 you reached level 4 of Vlad's Tower. On T:53094 you reached level 10 of Gehennom. On T:53231 you reached level 1 of The Dragon Caves. On T:53268 you reached level 2 of The Dragon Caves. On T:53270 you reached level 3 of The Dragon Caves. On T:53336 you reached level 4 of The Dragon Caves. On T:54114 you reached level 3 of Vlad's Tower. On T:54120 you reached level 2 of Vlad's Tower. On T:54125 you reached level 1 of Vlad's Tower. On T:54134 you killed Vlad the Impaler on level 1 of Vlad's Tower. On T:54725 you killed Baalzebub on level 3 of Gehennom. On T:55290 you reached level 11 of Gehennom. On T:55351 you reached level 12 of Gehennom. On T:55355 you killed Yeenoghu on level 11 of Gehennom. On T:55524 you reached level 13 of Gehennom. On T:55758 you killed Orcus on level 13 of Gehennom. On T:56123 you reached level 14 of Gehennom. On T:56607 you reached level 15 of Gehennom. On T:56659 you reached level 16 of Gehennom. On T:56671 you killed Geryon on level 15 of Gehennom. On T:56732 you killed Dispater on level 15 of Gehennom. On T:56896 you reached level 17 of Gehennom. On T:57208 you reached level 18 of Gehennom. On T:57379 you reached level 19 of Gehennom. On T:57503 you reached level 20 of Gehennom. On T:57521 you reached level 21 of Gehennom. On T:57766 you reached level 22 of Gehennom. On T:57984 you reached level 23 of Gehennom. On T:58281 you reached level 24 of Gehennom. On T:62928 you killed Wizard of Yendor on level 17 of Gehennom. On T:63140 you performed the invocation. On T:63278 you killed Cthulhu on level 25 of Gehennom. On T:63350 you killed Cthulhu on level 25 of Gehennom. On T:63351 you gained the Amulet of Yendor! On T:63417 you killed Wizard of Yendor on level 24 of Gehennom. On T:63499 you killed Wizard of Yendor on level 22 of Gehennom. On T:64142 you killed Wizard of Yendor on level 5 of Gehennom. On T:65231 you reached the Astral Plane. On T:65241 you killed Wizard of Yendor on the Astral Plane. On T:65315 you reached the Plane of Fire. On T:65365 you reached the Plane of Air. On T:65376 you reached the Plane of Water. On T:65421 you reached the Astral Plane. Latest messages: The priest of Moloch hits! The priest of Moloch kicks! The priest of Moloch points at you, then curses. [HP-113=407] You hit the Angel of Moloch! You bite the Angel of Moloch. The giant ant misses. [HP+1=408] The giant ant misses. You hear a door open. The priest of Moloch zaps a wand of striking! The wand misses Famine. [HP+14=422] The Angel of Moloch casts aspersions on your ancestry. The air crackles around the priest of Moloch. The soldier ant misses. (2x) The giant ant misses. [HP+1=423] You hit Famine! You bite Famine. Unfortunately, eating any of it is fatal. You die... Final status: Goodbye Yev-Ruu the Convict... You died in The Astral Plane with 514448 points, and 0 pieces of gold, after 65452 moves. You were level 30 with a maximum of 520 hit points when you died.